| TOP OF THE 1ST |
|
Detroit Tigers batting - Pitching for Houston Astros : RHP Bill Dillard
|
|
Pitching: RHP Bill Dillard
|
|
|
Batting: RHB Randy Shrewsbury
|
0-0: Ball 1-0: Ball 2-0: Foul Ball, location: 2F 2-1: Called Strike 2-2: Ball 3-2: Foul Ball, location: 2F 3-2: Fly out, F8 (Flyball, 8LM, EV 85.6 MPH)
|
|
Batting: RHB Luke Feeney
|
0-0: Called Strike 0-1: Ground out 6-3 (Groundball, 6, EV 101.3 MPH)
|
|
Batting: SHB Phil Zacharia
|
0-0: Ball 1-0: Foul Ball, location: 2F 1-1: Ball 2-1: Foul Ball, location: 2F 2-2: Ball 3-2: Ground out 6-3 (Groundball, 6, EV 88.8 MPH)
|
| Top of the 1st over - 0 runs, 0 hits, 0 errors, 0 left on base; Detroit 0 - Houston 0 |
| BOTTOM OF THE 1ST |
|
Houston Astros batting - Pitching for Detroit Tigers : RHP Franklin Rojas
|
|
Pitching: RHP Franklin Rojas
|
|
|
Batting: RHB Matt Thompson
|
0-0: Ball 1-0: Ball 2-0: Ball 3-0: Called Strike 3-1: Swinging Strike 3-2: Base on Balls
|
|
Batting: RHB Chang-wei Jiang
|
0-0: Ball 1-0: Fly out, F9 (Flyball, 9D, EV 93.1 MPH)
|
|
Batting: SHB Addick de Vries
|
0-0: Ball 1-0: Called Strike 1-1: Ball 2-1: 2-RUN HOME RUN (Flyball, 89XD, EV 100.0 MPH), Distance : 416 ft
|
|
Batting: SHB Joe Gardner
|
0-0: Foul Ball, location: 2F 0-1: Swinging Strike 0-2: Fly out, F7 (Line Drive, 7, EV 106.9 MPH)
|
|
Batting: LHB Ian Jarvis
|
0-0: Ball 1-0: Called Strike 1-1: Ground out 4-3 (Groundball, 34D, EV 106.3 MPH)
|
| Bottom of the 1st over - 2 runs, 1 hit, 0 errors, 0 left on base; Detroit 0 - Houston 2 |
| TOP OF THE 2ND |
|
Detroit Tigers batting - Pitching for Houston Astros : RHP Bill Dillard
|
|
Batting: LHB Morgan Black
|
0-0: Called Strike 0-1: SINGLE (Groundball, 34D, EV 107.5 MPH)
|
|
Batting: LHB Tyler Davis
|
0-0: Ball 1-0: Foul Ball, location: 2F 1-1: Ball Morgan Black is caught stealing 2nd base 2-6 2-1: Foul Ball, location: 2F 2-2: Ground out U3 (Groundball, 34, EV 90.6 MPH)
|
|
Batting: LHB Emmanuel Gaskin
|
0-0: Called Strike 0-1: Ball 1-1: Ball 2-1: Foul Ball, location: 2F 2-2: Fly out, F7 (Flyball, 7LM, EV 88.8 MPH)
|
| Top of the 2nd over - 0 runs, 1 hit, 0 errors, 0 left on base; Detroit 0 - Houston 2 |
| BOTTOM OF THE 2ND |
|
Houston Astros batting - Pitching for Detroit Tigers : RHP Franklin Rojas
|
|
Batting: RHB Trevor Mock
|
0-0: Ball 1-0: Ball 2-0: Ball 3-0: Foul Ball, location: 2F 3-1: Base on Balls
|
|
Batting: RHB Josh Froyd
|
0-0: Ball 1-0: Called Strike 1-1: Ball 2-1: Foul Ball, location: 2F 2-2: Foul Ball, location: 2F 2-2: Ball 3-2: Foul Ball, location: 2F 3-2: Foul Ball, location: 2F 3-2: Foul Ball, location: 2F 3-2: Base on Balls Trevor Mock to second
|
|
Batting: LHB Bryce Hill
|
0-0: Ball 1-0: Swinging Strike 1-1: DOUBLE (Line Drive, 89M, EV 98.8 MPH) Trevor Mock scores Josh Froyd to third
|
|
Batting: RHB Antonio Aranda
|
0-0: Ball 1-0: Called Strike 1-1: Swinging Strike 1-2: Strikes out swinging
|
|
Batting: RHB Matt Thompson
|
0-0: Called Strike 0-1: Foul Ball, location: 2F 0-2: Ball 1-2: DOUBLE (Line Drive, 7D, EV 90.0 MPH) Josh Froyd scores Bryce Hill scores
|
|
Batting: RHB Chang-wei Jiang
|
0-0: Ball 1-0: Called Strike 1-1: Foul Ball, location: 2F 1-2: Foul Ball, location: 2F 1-2: Ball 2-2: Ball 3-2: Strikes out swinging
|
|
Batting: SHB Addick de Vries
|
0-0: Fly out, F3 (Popup, 3, EV 67.5 MPH)
|
| Bottom of the 2nd over - 3 runs, 2 hits, 0 errors, 1 left on base; Detroit 0 - Houston 5 |
| TOP OF THE 3RD |
|
Detroit Tigers batting - Pitching for Houston Astros : RHP Bill Dillard
|
|
Batting: RHB Adrian Novakovic
|
0-0: Foul Ball, location: 2F 0-1: Foul Ball, location: 2F 0-2: Ball 1-2: Foul Ball, location: 2F 1-2: Fly out, F8 (Flyball, 8RM, EV 75.0 MPH)
|
|
Batting: RHB Chris Wheatley
|
0-0: Fly out, F8 (Flyball, 8RD, EV 95.6 MPH)
|
|
Batting: RHB Danny Eberhart
|
0-0: Called Strike 0-1: DOUBLE (Flyball, 8RXD, EV 108.8 MPH)
|
|
Pinch Runner at 2nd Brady Jeleniewski:
|
|
|
Batting: RHB Randy Shrewsbury
|
0-0: Ball 1-0: Called Strike 1-1: Ball 2-1: Ball 3-1: Swinging Strike 3-2: Base on Balls
|
|
Batting: RHB Luke Feeney
|
0-0: Ball 1-0: Called Strike 1-1: Ball 2-1: Foul Ball, location: 2F 2-2: Strikes out looking
|
| Top of the 3rd over - 0 runs, 1 hit, 0 errors, 2 left on base; Detroit 0 - Houston 5 |
| BOTTOM OF THE 3RD |
|
Houston Astros batting - Pitching for Detroit Tigers : RHP Franklin Rojas
|
|
Now at 3B: Brady Jeleniewski
|
|
|
Batting: SHB Joe Gardner
|
0-0: Ball 1-0: Foul Ball, location: 2F 1-1: Called Strike 1-2: Foul Ball, location: 2F 1-2: Ball 2-2: Ground out 5-3 (Groundball, 56, EV 81.9 MPH)
|
|
Batting: LHB Ian Jarvis
|
0-0: Ball 1-0: SOLO HOME RUN (Flyball, 89XD, EV 112.5 MPH), Distance : 444 ft
|
|
Pitching: RHP Eric Putnam
|
|
|
Batting: RHB Trevor Mock
|
0-0: Ball 1-0: Called Strike 1-1: Swinging Strike 1-2: Fly out, F5 (Popup, 5SF, EV 73.1 MPH)
|
|
Batting: RHB Josh Froyd
|
0-0: Ball 1-0: Foul Ball, location: 2F 1-1: Foul Ball, location: 2F 1-2: Strikes out swinging
|
| Bottom of the 3rd over - 1 run, 1 hit, 0 errors, 0 left on base; Detroit 0 - Houston 6 |
| TOP OF THE 4TH |
|
Detroit Tigers batting - Pitching for Houston Astros : RHP Bill Dillard
|
|
Batting: SHB Phil Zacharia
|
0-0: Called Strike 0-1: Foul Ball, location: 2F 0-2: Ball 1-2: SINGLE (Groundball, 6MD, EV 101.3 MPH)
|
|
Batting: LHB Morgan Black
|
0-0: Called Strike 0-1: Ball 1-1: DOUBLE (Line Drive, 7LS, EV 105.6 MPH) Phil Zacharia to third
|
|
Batting: LHB Tyler Davis
|
0-0: Ball 1-0: Foul Ball, location: 2F 1-1: Ground out 2-3 (Groundball, 15S, EV 65.0 MPH)
|
|
Batting: LHB Emmanuel Gaskin
|
0-0: Called Strike 0-1: Swinging Strike 0-2: Ball 1-2: Fly out, F8 (Flyball, 8RS, EV 78.8 MPH)
|
|
Batting: RHB Adrian Novakovic
|
0-0: Ball 1-0: Ball 2-0: Called Strike 2-1: Ball 3-1: Base on Balls
|
|
Batting: RHB Chris Wheatley
|
0-0: Ball 1-0: Called Strike 1-1: Ball 2-1: Foul Ball, location: 2F 2-2: Strikes out swinging
|
| Top of the 4th over - 0 runs, 2 hits, 0 errors, 3 left on base; Detroit 0 - Houston 6 |
| BOTTOM OF THE 4TH |
|
Houston Astros batting - Pitching for Detroit Tigers : RHP Eric Putnam
|
|
Batting: LHB Bryce Hill
|
0-0: Ball 1-0: Called Strike 1-1: Called Strike 1-2: Strikes out swinging
|
|
Batting: RHB Antonio Aranda
|
0-0: Called Strike 0-1: Ball 1-1: Fly out, F4 (Flyball, 4MD, EV 95.6 MPH)
|
|
Batting: RHB Matt Thompson
|
0-0: Ball 1-0: Foul Ball, location: 2F 1-1: Ball 2-1: Ball 3-1: Called Strike 3-2: Strikes out swinging
|
| Bottom of the 4th over - 0 runs, 0 hits, 0 errors, 0 left on base; Detroit 0 - Houston 6 |
| TOP OF THE 5TH |
|
Detroit Tigers batting - Pitching for Houston Astros : RHP Bill Dillard
|
|
Pitching: RHP Mike Staus
|
|
|
Batting: RHB Brady Jeleniewski
|
0-0: SINGLE (Line Drive, 9S, EV 102.5 MPH)
|
|
Batting: RHB Randy Shrewsbury
|
0-0: Ball 1-0: Grounds into double play, 5-4-3 (Groundball, 15, EV 92.5 MPH)
|
|
Batting: RHB Luke Feeney
|
0-0: Fly out, F9 (Line Drive, 9, EV 92.5 MPH)
|
| Top of the 5th over - 0 runs, 1 hit, 0 errors, 0 left on base; Detroit 0 - Houston 6 |
| BOTTOM OF THE 5TH |
|
Houston Astros batting - Pitching for Detroit Tigers : RHP Eric Putnam
|
|
Batting: RHB Chang-wei Jiang
|
0-0: Called Strike 0-1: Ball 1-1: Ball 2-1: Fly out, F8 (Line Drive, 8RM, EV 103.8 MPH)
|
|
Batting: SHB Addick de Vries
|
0-0: Foul Ball, location: 2F 0-1: Swinging Strike 0-2: Ball 1-2: Ground out U3 (Groundball, 3S, EV 70.6 MPH)
|
|
Batting: SHB Joe Gardner
|
0-0: Called Strike 0-1: Ball 1-1: Foul Ball, location: 2F 1-2: Ball 2-2: Ball 3-2: SINGLE (Groundball, 6S, EV 68.1 MPH) (infield hit)
|
|
Batting: LHB Ian Jarvis
|
0-0: Ball Joe Gardner is caught stealing 2nd base 2-6
|
| Bottom of the 5th over - 0 runs, 1 hit, 0 errors, 0 left on base; Detroit 0 - Houston 6 |
| TOP OF THE 6TH |
|
Detroit Tigers batting - Pitching for Houston Astros : RHP Mike Staus
|
|
Batting: SHB Phil Zacharia
|
0-0: Ball 1-0: DOUBLE (Groundball, 3L, EV 108.1 MPH)
|
|
Batting: LHB Morgan Black
|
0-0: Ball 1-0: Swinging Strike 1-1: Ground out 4-3 (Groundball, 4, EV 86.3 MPH) Phil Zacharia to third
|
|
Batting: LHB Tyler Davis
|
0-0: Ball 1-0: Ground out 4-3 (Groundball, 34, EV 103.8 MPH) Phil Zacharia scores
|
|
Batting: LHB Emmanuel Gaskin
|
0-0: Ball 1-0: Called Strike 1-1: Ball 2-1: Ground out 1-3 (Groundball, 15S, EV 62.5 MPH)
|
| Top of the 6th over - 1 run, 1 hit, 0 errors, 0 left on base; Detroit 1 - Houston 6 |
| BOTTOM OF THE 6TH |
|
Houston Astros batting - Pitching for Detroit Tigers : RHP Eric Putnam
|
|
Batting: LHB Ian Jarvis
|
0-0: Called Strike 0-1: Ball 1-1: Foul Ball, location: 2F 1-2: Ball 2-2: Ball 3-2: DOUBLE (Groundball, 5L, EV 95.6 MPH)
|
|
Batting: RHB Trevor Mock
|
0-0: Ball 1-0: Called Strike 1-1: Ball 2-1: Fly out, F7 (Line Drive, 7LM, EV 98.1 MPH)
|
|
Batting: RHB Josh Froyd
|
0-0: Called Strike 0-1: Fly out, F8 (Flyball, 8RD, EV 101.9 MPH)
|
|
Pitching: RHP Jason Williams
|
|
|
Batting: LHB Bryce Hill
|
0-0: Ball 1-0: 2-RUN HOME RUN (Flyball, 89XD, EV 112.5 MPH), Distance : 423 ft
|
|
Batting: RHB Antonio Aranda
|
0-0: Called Strike 0-1: SOLO HOME RUN (Flyball, 89XD, EV 112.5 MPH), Distance : 435 ft
|
|
Pinch Hitting: RHB Mark Barger
|
0-0: Ball 1-0: Called Strike 1-1: DOUBLE (Line Drive, 7LM, EV 103.1 MPH)
|
|
Pinch Hitting: RHB Chris Fitzgerald
|
0-0: Fly out, F9 (Flyball, 9LS, EV 73.8 MPH)
|
| Bottom of the 6th over - 3 runs, 4 hits, 0 errors, 1 left on base; Detroit 1 - Houston 9 |
| TOP OF THE 7TH |
|
Detroit Tigers batting - Pitching for Houston Astros : RHP Mike Staus
|
|
Now at 2B: Mark Barger
|
|
|
Now at 3B: Chris Fitzgerald
|
|
|
Pinch Hitting: RHB Dusty Newman
|
0-0: Called Strike 0-1: Ball 1-1: Foul Ball, location: 2F 1-2: Strikes out swinging
|
|
Pinch Hitting: LHB Howie Gutierrez
|
0-0: Ball 1-0: Called Strike 1-1: Ball 2-1: Foul Ball, location: 2F 2-2: Ground out 4-3 (Groundball, 4, EV 81.9 MPH)
|
|
Batting: RHB Brady Jeleniewski
|
0-0: Ball 1-0: Ball 2-0: Ground out 1-3 (Groundball, 13, EV 66.3 MPH)
|
| Top of the 7th over - 0 runs, 0 hits, 0 errors, 0 left on base; Detroit 1 - Houston 9 |
| BOTTOM OF THE 7TH |
|
Houston Astros batting - Pitching for Detroit Tigers : RHP Jason Williams
|
|
Now at 1B: Dave Calder
|
|
|
Now at 3B: Dusty Newman
|
|
|
Now at SS: Brady Jeleniewski
|
|
|
Batting: RHB Danny Dyer
|
0-0: Fly out, F8 (Line Drive, 8RD, EV 90.6 MPH)
|
|
Pinch Hitting: LHB Bob Myers
|
0-0: Called Strike 0-1: Ground out 1-3 (Groundball, 15S, EV 66.9 MPH)
|
|
Batting: LHB Ian Jarvis
|
0-0: Called Strike 0-1: Swinging Strike 0-2: Strikes out swinging
|
| Bottom of the 7th over - 0 runs, 0 hits, 0 errors, 0 left on base; Detroit 1 - Houston 9 |
| TOP OF THE 8TH |
|
Detroit Tigers batting - Pitching for Houston Astros : RHP Mike Staus
|
|
Now in LF: Bob Myers
|
|
|
Pinch Hitting: RHB Dave Reynolds
|
0-0: Ball 1-0: Called Strike 1-1: Swinging Strike 1-2: Ground out U3 (Groundball, 13, EV 79.4 MPH)
|
|
Pinch Hitting: RHB Paul Wood
|
0-0: Called Strike 0-1: Called Strike 0-2: Ball 1-2: Ball 2-2: Foul Ball, location: 2F 2-2: Ball 3-2: Strikes out swinging
|
|
Pinch Hitting: RHB Victor Quinones
|
0-0: Swinging Strike 0-1: Foul Ball, location: 2F 0-2: Foul Ball, location: 2F 0-2: Ball 1-2: Ball 2-2: Foul Ball, location: 2F 2-2: SINGLE (Groundball, 4, EV 93.8 MPH)
|
|
Pinch Hitting: SHB Raul Morales
|
0-0: Called Strike 0-1: Foul Ball, location: 2F 0-2: Foul Ball, location: 2F 0-2: Ball 1-2: Ball 2-2: Strikes out swinging
|
| Top of the 8th over - 0 runs, 1 hit, 0 errors, 1 left on base; Detroit 1 - Houston 9 |
| BOTTOM OF THE 8TH |
|
Houston Astros batting - Pitching for Detroit Tigers : RHP Jason Williams
|
|
Now at 2B: Dave Reynolds
|
|
|
Now in LF: Raul Morales
|
|
|
Now in CF: Paul Wood
|
|
|
Now in RF: Victor Quinones
|
|
|
Pinch Hitting: LHB Tyler Babbitt
|
0-0: Called Strike 0-1: Swinging Strike 0-2: Strikes out swinging
|
|
Batting: RHB Josh Froyd
|
0-0: Called Strike 0-1: Ball 1-1: Swinging Strike 1-2: Ball 2-2: Strikes out swinging
|
|
Batting: LHB Bryce Hill
|
0-0: Ball 1-0: Ball 2-0: Ball 3-0: Called Strike 3-1: Foul Ball, location: 2F 3-2: Foul Ball, location: 2F 3-2: Base on Balls
|
|
Batting: RHB Antonio Aranda
|
0-0: Ball 1-0: Ball 2-0: Called Strike 2-1: SINGLE (Groundball, 25, EV 60.6 MPH) (infield hit) Bryce Hill to second
|
|
Batting: RHB Mark Barger
|
0-0: Ball 1-0: Foul Ball, location: 2F 1-1: Ground out 1-3 (Groundball, 15S, EV 64.4 MPH)
|
| Bottom of the 8th over - 0 runs, 1 hit, 0 errors, 2 left on base; Detroit 1 - Houston 9 |
| TOP OF THE 9TH |
|
Detroit Tigers batting - Pitching for Houston Astros : RHP Mike Staus
|
|
Pitching: RHP Eli Hernandez
|
|
|
Now in CF: Tyler Babbitt
|
|
|
Batting: RHB Greg Harman
|
0-0: Called Strike 0-1: Ball 1-1: Ball 2-1: Ball 3-1: Base on Balls
|
|
Pinch Hitting: RHB Joel Miller
|
0-0: Called Strike 0-1: Swinging Strike 0-2: Ball 1-2: Strikes out swinging
|
|
Pinch Hitting: LHB Brad Turner
|
0-0: Ball 1-0: Ball 2-0: Called Strike 2-1: Ball 3-1: SINGLE (Groundball, 34D, EV 102.5 MPH) Greg Harman to second
|
|
Batting: RHB Dave Calder
|
0-0: Called Strike 0-1: Ball 1-1: Ball 2-1: Ball 3-1: Base on Balls Greg Harman to third Brad Turner to second
|
|
Batting: RHB Brady Jeleniewski
|
0-0: Called Strike 0-1: Ball 1-1: Called Strike 1-2: Ball 2-2: Strikes out swinging
|
|
Batting: RHB Dave Reynolds
|
0-0: Ball 1-0: Foul Ball, location: 2F 1-1: Ball 2-1: Called Strike 2-2: Strikes out swinging
|
| Top of the 9th over - 0 runs, 1 hit, 0 errors, 3 left on base; Detroit 1 - Houston 9 |
|